 Dungeon Crawl Stone Soup version 0.20.0-15-g7f486f2 (webtiles) character file.

60 Omegatherion the Skirmisher (level 4, -2/29 HPs)
             Began as a Gargoyle Monk on June 28, 2017.
             Slain by Crazy Yiuf
             ... wielding a +4 quarterstaff of chaos
              (10 damage)
             ... on level 2 of the Dungeon.
             The game lasted 00:02:29 (1499 turns).

Omegatherion the Skirmisher (Gargoyle Monk)         Turns: 1499, Time: 00:02:29

Health: -2/29      AC: 16    Str: 15    XL:     4   Next: 6%
Magic:  4/4        EV:  5    Int: 11    God:
Gold:   75         SH:  0    Dex: 12    Spells: 3/3 levels left

rFire    . . .     SeeInvis .   a - +0 mace
rCold    + . .     Gourm    .   (no shield)
rNeg     + . .     Faith    .   n - +2 plate armour {rC+}
rPois    ∞         Spirit   .   (no helmet)
rElec    +         Reflect  .   (no cloak)
rCorr    .         Harm     .   (no gloves)
MR       .....                  (no boots)
Stlth    ..........             (no amulet)
Regen    0.1/turn               (no ring)
MPRegen  0.1/turn               (no ring)

@: no status effects
A: negative energy resistance 1, electricity resistance, unbreathing,
petrification resistance, rot immunity, AC +3
a: no special abilities


You were on level 2 of the Dungeon.
You were very hungry.

You visited 1 branch of the dungeon, and saw 2 of its levels.

You collected 75 gold pieces.

Inventory:

Hand Weapons
 a - a +0 mace (weapon)
Armour
 b - a +0 robe
 e - a +0 ring mail
 n - a +2 plate armour of cold resistance (worn)
Jewellery
 o - an uncursed ring of protection from magic {unknown}
Scrolls
 g - a scroll of amnesia {unknown}
 h - a scroll of teleportation {unknown}
 i - 2 scrolls of identify {unknown}
 m - a scroll of enchant weapon {unknown}
 p - a scroll of enchant armour {unknown}
 q - a scroll of magic mapping {unknown}
 r - a scroll of fear {unknown}
Potions
 f - 2 potions of agility {unknown}
 j - 2 potions of lignification {unknown}
 l - 2 potions of might {unknown}
Comestibles
 c - a bread ration
 d - 2 fruits
 k - a royal jelly


   Skills:
 - Level 3.7 Fighting
 + Level 3.6 Maces & Flails
 + Level 2.5 Armour
 - Level 2.4 Dodging
 - Level 2.1 Stealth


You had 3 spell levels left.
You didn't know any spells.

Dungeon Overview and Level Annotations

Branches:
Dungeon (2/15)

Altars:

Annotations:
D:2 Crazy Yiuf


Innate Abilities, Weirdness & Mutations

You are resistant to torment.
Your stone body is resilient. (AC +3)
You are immune to poison.
You resist negative energy. (rN+)
You are resistant to electric shocks. (rElec)
You can survive without breathing.
You are immune to petrification.
You are immune to rotting.


Message History

Crazy Yiuf burns you.
You sock Crazy Yiuf!
Crazy Yiuf is moderately wounded.
Crazy Yiuf hits you with a quarterstaff of chaos!
Crazy Yiuf freezes you.
You hit Crazy Yiuf.
Crazy Yiuf is heavily wounded.
Crazy Yiuf completely misses you.
You hit Crazy Yiuf but do no damage.
Crazy Yiuf is heavily wounded.
Crazy Yiuf flaps his cloak.
Crazy Yiuf hits you with a quarterstaff of chaos.
* * * LOW HITPOINT WARNING * * *
You hit Crazy Yiuf.
Crazy Yiuf is severely wounded.
Crazy Yiuf hits you but does no damage.
Your plate armour prevents you from hitting Crazy Yiuf.
Crazy Yiuf is severely wounded.
Crazy Yiuf hits you with a quarterstaff of chaos!
You die...

....(..'...).)..........###......
.......####....#######.## ##..#..
......###.........# ##.###.###.#
.....## #^######### ####.## #.#
#...## #.# ### #.# ##'## ### ..#
#.# #### ♣♣#### ### #.# #)..#♣♣
♣♣....###### ##.##
#..g@.♣♣♣♣..........# #...##
#...#♣..♣......####.# .....######
#### ♣♣♣.♣....#####.# .....#....#
♣♣♣♣♣###...#.# .#.#.#.####
#†.#.... .......# ##....#.#
.....### #.#####.# ######
#.......# #########


You could see Crazy Yiuf.

Vanquished Creatures
  An adder (D:2)
  An ooze (D:2)
  4 dart slugs
  2 worms (D:2)
  A leopard gecko (D:2)
  3 giant cockroaches (D:2)
  6 hobgoblins
  A kobold (D:2)
  A ball python (D:1)
  4 bats
  4 frilled lizards
  4 goblins
  4 rats
36 creatures vanquished.

Notes
Turn   | Place    | Note
-------+----------+-------------------------------------------
     0 | D:1      | Omegatherion the Gargoyle Monk began the quest for the Orb.
     0 | D:1      | Reached XP level 1. HP: 14/14 MP: 1/1
   453 | D:1      | Reached XP level 2. HP: 19/19 MP: 2/2
   656 | D:2      | Reached skill level 1 in Armour
   694 | D:2      | Reached XP level 3. HP: 13/24 MP: 3/3
  1416 | D:2      | Reached XP level 4. HP: 29/29 MP: 4/4
  1488 | D:2      | Found a runed door.
  1492 | D:2      | Noticed Crazy Yiuf
  1499 | D:2      | Slain by Crazy Yiuf

Skill      XL: |  1  2  3 |
---------------+----------+-----
Armour         | 1 2 |  2.5
Fighting       | |  3.7
Maces & Flails | |  3.6
Dodging        | |  2.4
Stealth        | |  2.1

Action                   |  1- 3 |  4- 6 || total
-------------------------+-------+-------++-------
Melee: Mace              |   119 |    10 ||   129
 Stab: Sleeping          |     2 |       ||     2
  Eat: Chunk             |     1 |       ||     1
Armor: Robe              |    10 |       ||    10
       Plate armour      |    52 |     3 ||    55
Dodge: Dodged            |    50 |     2 ||    52
